 Dungeon Crawl Stone Soup version 0.25.1-2-g60ff931df9 (webtiles) character file.

Game seed: 13460037270460196710

49 Atelerd the Insei (level 3, 0/29 HPs)
             Began as a Demigod Transmuter on Aug 4, 2020.
             Slain by a quokka (3 damage)
             ... on level 2 of the Dungeon.
             The game lasted 00:02:42 (1752 turns).

Atelerd the Insei (Demigod Transmuter)              Turns: 1752, Time: 00:02:43

Health: 0/29       AC:  2    Str: 13    XL:     3   Next: 32%
Magic:  18/18      EV: 12    Int: 19    God:
Gold:   56         SH:  0    Dex: 16    Spells: 5/6 levels left

rFire    . . .     SeeInvis .   g - +0 dagger
rCold    . . .     Gourm    .   (no shield)
rNeg     . . .     Faith    .   b - +0 robe
rPois    .         Spirit   .   (no helmet)
rElec    .         Reflect  .   (no cloak)
rCorr    .         Harm     .   (no gloves)
MR       .....                  (no boots)
Stlth    +.........             (no amulet)
HPRegen  0.09/turn              m - ring of magical power
MPRegen  0.16/turn              (no ring)

@: appendage, stab, very slightly contaminated
A: horns 2, high mp 1
a: End Transformation


You were on level 2 of the Dungeon.
You were not hungry.
You had grown temporary horns.
You visited 1 branch of the dungeon, and saw 2 of its levels.

You collected 56 gold pieces.

Inventory:

Hand Weapons
 g - a +0 dagger (weapon)
Missiles
 a - 33 arrows
Armour
 b - a +0 robe (worn)
Jewellery
 m - a ring of magical power (left hand)
Scrolls
 e - 3 scrolls of amnesia {unknown}
 f - a scroll of enchant armour {unknown}
 h - 2 scrolls of immolation {unknown}
 i - a scroll of remove curse {unknown}
 k - 2 scrolls of identify {unknown}
 l - a scroll of fear {unknown}
Comestibles
 d - 3 rations
 j - 3 chunks of flesh


   Skills:
 + Level 1.9 Fighting
 - Level 1.7 Dodging
 - Level 2.6 Unarmed Combat
 + Level 2.3 Spellcasting
 + Level 2.5 Transmutations


You had 5 spell levels left.
You knew the following spells:

 Your Spells              Type           Power        Failure   Level  Hunger
a - Beastly Appendage     Tmut           ##....       6%          1    #......

Your spell library contained the following spells:

 Spells                   Type           Power        Failure   Level  Hunger
 Sticks to Snakes         Tmut           ##......     9%          2    ##.....
 Spider Form              Tmut/Pois      #.........   28%         3    ###....
 Ice Form                 Ice/Tmut       #.......     67%         4    #####..
 Blade Hands              Tmut           ##........   85%         5    ######.


Dungeon Overview and Level Annotations

Branches:
Dungeon (2/15)

Annotations:
D:1 exclusion: downstairs


Innate Abilities, Weirdness & Mutations

You have an increased reservoir of magic. (+10% MP)
You have a pair of horns on your head.


Message History

The jackal is heavily wounded.
The jackal barely misses you. The gnoll barely misses you.
Unknown command.
You closely miss the jackal.
You headbutt the jackal, but do no damage.
The jackal is heavily wounded.
The jackal barely misses you. The jackal bites you.
* * * LOW HITPOINT WARNING * * *
The gnoll closely misses you.
Unknown command.
You hit the jackal.
You kill the jackal!
The gnoll barely misses you.
Unknown command.
The jackal bites you.
* * * LOW HITPOINT WARNING * * *
It was a potion of stabbing.
You feel ready to backstab. The jackal closely misses you.
The quokka bites you.
You die...

#........# ##..
###.###........####..
..............#..... #.
#............##...#. #..
#.............#...#.
..##........##...#...#.
... .......##...######
#..#.#..............#
#..#..#@#......g..[....#
#.....rh# .............#
#.....#.# #..........#
#######g#####..........#
#......g...............#
#.#........g..#...).....
#..#.....##...#.........
#...#...###...#.........
....#..##...r#######...


You could see 2 gnolls, a quokka and a jackal.

Vanquished Creatures
  An adder (D:2)
  2 dart slugs (D:1)
  2 worms (D:2)
  A ball python (D:1)
  5 hobgoblins
  7 jackals
  2 bats (D:1)
  2 frilled lizards
  3 goblins (D:1)
  2 kobolds
  2 rats (D:1)
29 creatures vanquished.

Notes
Turn   | Place    | Note
-------+----------+-------------------------------------------
     0 | D:1      | Atelerd the Demigod Transmuter began the quest for the Orb.
     0 | D:1      | Reached XP level 1. HP: 15/15 MP: 5/5
    23 | D:1      | Reached skill level 1 in Fighting
   331 | D:1      | Reached XP level 2. HP: 23/23 MP: 5/7
  1403 | D:2      | Reached XP level 3. HP: 25/29 MP: 9/9
  1752 | D:2      | Slain by a quokka

Illustrated notes

Levels and vault maps discovered:
D:1:      minmay_arrival_doors, layout_basic
D:2:      layout_basic, lemuel_doored_altar, hangedman_decor_opposing

Skill      XL: |  1 |
---------------+----+-----
Fighting       | 1 |  1.9
Spellcasting   | 2 |  2.3
Transmutations | 2 |  2.5
Dodging        | |  1.7
Unarmed Combat | |  2.6

Action                   || total
-------------------------++-------
Melee: Unarmed           ||    13
       Dagger            ||    82
       Kick              ||    12
       Headbutt          ||     9
 Cast: Beastly Appendage ||    13
  Use: Potion            ||     3
  Eat: Chunk             ||     3
Armor: Robe              ||    11
Dodge: Dodged            ||    91
